| TOP OF THE 1ST |
|
Staten Island Yankees batting - Pitching for Minnesota (NYP) Twins : LHP Bobby Shaw
|
|
Pitching: LHP Bobby Shaw
|
|
|
Batting: RHB Norimoto Miyanishi
|
0-0: Ball 1-0: Ball 2-0: Ground out 4-3 (Groundball, 4, EV 83.8 MPH)
|
|
Batting: RHB Brad Wren
|
0-0: Foul Ball, location: 2F 0-1: Fly out, F6 (Popup, P, EV 81.9 MPH)
|
|
Batting: LHB Carlos Palau
|
0-0: Called Strike 0-1: Ball 1-1: Swinging Strike 1-2: Ground out 4-3 (Groundball, 4, EV 81.9 MPH)
|
| Top of the 1st over - 0 runs, 0 hits, 0 errors, 0 left on base; Staten Island 0 - Minnesota (NYP) 0 |
| BOTTOM OF THE 1ST |
|
Minnesota (NYP) Twins batting - Pitching for Staten Island Yankees : LHP Daniel Fagan
|
|
Pitching: LHP Daniel Fagan
|
|
|
Batting: RHB Caleb Bockmann
|
0-0: Called Strike 0-1: Swinging Strike 0-2: Strikes out looking
|
|
Batting: RHB Fhil Mikrakin
|
0-0: Called Strike 0-1: Foul Ball, location: 2F 0-2: Ball 1-2: Strikes out swinging
|
|
Batting: RHB Alexandre Garcia
|
0-0: SINGLE (Groundball, 56, EV 95.0 MPH)
|
|
Batting: LHB Hector Olvera
|
0-0: Ball 1-0: Swinging Strike 1-1: Called Strike 1-2: Strikes out swinging
|
| Bottom of the 1st over - 0 runs, 1 hit, 0 errors, 1 left on base; Staten Island 0 - Minnesota (NYP) 0 |
| TOP OF THE 2ND |
|
Staten Island Yankees batting - Pitching for Minnesota (NYP) Twins : LHP Bobby Shaw
|
|
Batting: SHB Adam Slade
|
0-0: Ball 1-0: Called Strike 1-1: Ball 2-1: Ball 3-1: SINGLE (Groundball, 6MD, EV 109.4 MPH)
|
|
Batting: LHB Justin Short
|
0-0: Ball 1-0: Ball 2-0: Ball 3-0: Called Strike 3-1: Foul Ball, location: 2F 3-2: Grounds into double play, 4-6-3 (Groundball, 4D, EV 97.5 MPH)
|
|
Batting: RHB Jesus Ruiz
|
0-0: Ball 1-0: Swinging Strike 1-1: Ball 2-1: Swinging Strike 2-2: Strikes out swinging
|
| Top of the 2nd over - 0 runs, 1 hit, 0 errors, 0 left on base; Staten Island 0 - Minnesota (NYP) 0 |
| BOTTOM OF THE 2ND |
|
Minnesota (NYP) Twins batting - Pitching for Staten Island Yankees : LHP Daniel Fagan
|
|
Batting: RHB Fernando Bravo
|
0-0: SINGLE (Groundball, 6MD, EV 102.5 MPH)
|
|
Batting: LHB Marvin Shepherd
|
0-0: Foul Ball, location: 2F 0-1: Ball 1-1: Ball 2-1: Fielders Choice at 2nd, 3-6 (Groundball, 3, EV 97.5 MPH)
|
|
Batting: LHB Ben Roth
|
0-0: Foul Ball, location: 2F 0-1: Called Strike 0-2: Ball 1-2: Foul Ball, location: 2F 1-2: Fielders Choice at 2nd, 3-6 (Groundball, 3, EV 95.0 MPH)
|
|
Batting: LHB Jose Hilario
|
0-0: Ball Ben Roth steals 2nd base 1-0: Ball 2-0: Ball 3-0: Base on Balls
|
|
Batting: SHB Juan Aguilar
|
0-0: Ball 1-0: Ground out 4-3 (Groundball, 4, EV 98.8 MPH)
|
| Bottom of the 2nd over - 0 runs, 1 hit, 0 errors, 2 left on base; Staten Island 0 - Minnesota (NYP) 0 |
| TOP OF THE 3RD |
|
Staten Island Yankees batting - Pitching for Minnesota (NYP) Twins : LHP Bobby Shaw
|
|
Batting: RHB Matt Thompson
|
0-0: Swinging Strike 0-1: Ball 1-1: Ball 2-1: Ground out 5-3 (Groundball, 56, EV 107.5 MPH)
|
|
Batting: RHB Danny Ayala
|
0-0: Ball 1-0: Swinging Strike 1-1: Swinging Strike 1-2: Foul Ball, location: 2F 1-2: Foul Ball, location: 2F 1-2: Ball 2-2: Foul Ball, location: 2F 2-2: Ball 3-2: Strikes out looking
|
|
Batting: LHB Danny de Leon
|
0-0: Ball 1-0: Ball 2-0: Ball 3-0: Called Strike 3-1: Swinging Strike 3-2: Foul Ball, location: 2F 3-2: Strikes out swinging
|
| Top of the 3rd over - 0 runs, 0 hits, 0 errors, 0 left on base; Staten Island 0 - Minnesota (NYP) 0 |
| BOTTOM OF THE 3RD |
|
Minnesota (NYP) Twins batting - Pitching for Staten Island Yankees : LHP Daniel Fagan
|
|
Batting: RHB Caleb Bockmann
|
0-0: Ball 1-0: Fly out, F9 (Flyball, 89M, EV 89.4 MPH)
|
|
Batting: RHB Fhil Mikrakin
|
0-0: Called Strike 0-1: Ball 1-1: Swinging Strike 1-2: Strikes out swinging
|
|
Batting: RHB Alexandre Garcia
|
0-0: Ball 1-0: Ball 2-0: Called Strike 2-1: Foul Ball, location: 2F 2-2: Strikes out swinging
|
| Bottom of the 3rd over - 0 runs, 0 hits, 0 errors, 0 left on base; Staten Island 0 - Minnesota (NYP) 0 |
| TOP OF THE 4TH |
|
Staten Island Yankees batting - Pitching for Minnesota (NYP) Twins : LHP Bobby Shaw
|
|
Batting: RHB Norimoto Miyanishi
|
0-0: Ball 1-0: Foul Ball, location: 2F 1-1: Ball 2-1: Ground out 4-3 (Groundball, 4M, EV 88.1 MPH)
|
|
Batting: RHB Brad Wren
|
0-0: Swinging Strike 0-1: Ball 1-1: Ball 2-1: Foul Ball, location: 2F 2-2: Strikes out swinging
|
|
Batting: LHB Carlos Palau
|
0-0: Ball 1-0: Ball 2-0: Ball 3-0: Called Strike 3-1: Foul Ball, location: 2F 3-2: Base on Balls
|
|
Batting: SHB Adam Slade
|
0-0: Called Strike 0-1: Ball 1-1: Fly out, F7 (Line Drive, 7, EV 85.6 MPH)
|
| Top of the 4th over - 0 runs, 0 hits, 0 errors, 1 left on base; Staten Island 0 - Minnesota (NYP) 0 |
| BOTTOM OF THE 4TH |
|
Minnesota (NYP) Twins batting - Pitching for Staten Island Yankees : LHP Daniel Fagan
|
|
Batting: LHB Hector Olvera
|
0-0: Ball 1-0: Foul Ball, location: 2F 1-1: Ball 2-1: Ball 3-1: Called Strike 3-2: Strikes out swinging
|
|
Batting: RHB Fernando Bravo
|
0-0: SINGLE (Groundball, 34D, EV 99.4 MPH)
|
|
Batting: LHB Marvin Shepherd
|
0-0: Ball Wild Pitch! Fernando Bravo to second 1-0: Ball 2-0: Called Strike 2-1: Ball 3-1: Base on Balls
|
|
Batting: LHB Ben Roth
|
0-0: Ball 1-0: Called Strike 1-1: Fly out, F7 (Flyball, 7D, EV 109.4 MPH) Runner from 2nd tags up, SAFE at 3rd, no throw by LF
|
|
Batting: LHB Jose Hilario
|
0-0: Ball Marvin Shepherd steals 2nd base 1-0: Ball 2-0: Ball 3-0: Called Strike 3-1: Base on Balls
|
|
Batting: SHB Juan Aguilar
|
0-0: Ball 1-0: Ball 2-0: Fielders Choice at 2nd, U4 (Groundball, 4M, EV 109.4 MPH)
|
| Bottom of the 4th over - 0 runs, 1 hit, 0 errors, 3 left on base; Staten Island 0 - Minnesota (NYP) 0 |
| TOP OF THE 5TH |
|
Staten Island Yankees batting - Pitching for Minnesota (NYP) Twins : LHP Bobby Shaw
|
|
Batting: LHB Justin Short
|
0-0: Foul Ball, location: 2F 0-1: Ball 1-1: Ball 2-1: Foul Ball, location: 2F 2-2: Strikes out swinging
|
|
Batting: RHB Jesus Ruiz
|
0-0: Ball 1-0: Ground out 6-3 (Groundball, 6, EV 89.4 MPH)
|
|
Batting: RHB Matt Thompson
|
0-0: Called Strike 0-1: Called Strike 0-2: Ground out U3 (Groundball, 34S, EV 85.6 MPH)
|
| Top of the 5th over - 0 runs, 0 hits, 0 errors, 0 left on base; Staten Island 0 - Minnesota (NYP) 0 |
| BOTTOM OF THE 5TH |
|
Minnesota (NYP) Twins batting - Pitching for Staten Island Yankees : LHP Daniel Fagan
|
|
Batting: RHB Caleb Bockmann
|
0-0: Foul Ball, location: 2F 0-1: Ball 1-1: Ball 2-1: Called Strike 2-2: Foul Ball, location: 2F 2-2: Foul Ball, location: 2F 2-2: Reached on error, E4 (Groundball, 13, EV 88.1 MPH)
|
|
Batting: RHB Fhil Mikrakin
|
0-0: Ball 1-0: Called Strike 1-1: Ball 2-1: Ball 3-1: Base on Balls Caleb Bockmann to second
|
|
Batting: RHB Alexandre Garcia
|
0-0: Ball 1-0: SINGLE (Groundball, 25, EV 66.2 MPH) (infield hit) Caleb Bockmann to third Fhil Mikrakin to second
|
|
Batting: LHB Hector Olvera
|
0-0: Foul Ball, location: 2F 0-1: Foul Ball, location: 2F 0-2: Strikes out swinging
|
|
Batting: RHB Fernando Bravo
|
0-0: SINGLE (Groundball, 6M, EV 100.0 MPH) Caleb Bockmann scores Fhil Mikrakin to third Alexandre Garcia to second Runner from 3rd tries for Home, SAFE, throw by CF to home
|
|
Batting: LHB Marvin Shepherd
|
0-0: Ball 1-0: Called Strike 1-1: Ball 2-1: Fly out, F7 (Flyball, 7, EV 91.2 MPH)
|
|
Batting: LHB Ben Roth
|
0-0: Ball 1-0: Swinging Strike 1-1: Swinging Strike 1-2: Ball 2-2: Foul Ball, location: 2F 2-2: Foul Ball, location: 2F 2-2: Strikes out looking
|
| Bottom of the 5th over - 2 runs, 2 hits, 1 error, 2 left on base; Staten Island 0 - Minnesota (NYP) 2 |
| TOP OF THE 6TH |
|
Staten Island Yankees batting - Pitching for Minnesota (NYP) Twins : LHP Bobby Shaw
|
|
Batting: RHB Danny Ayala
|
0-0: Ball 1-0: Called Strike 1-1: Fly out, F7 (Flyball, 7D, EV 96.9 MPH)
|
|
Batting: LHB Danny de Leon
|
0-0: Ball 1-0: Ball 2-0: Foul Ball, location: 2F 2-1: Ball 3-1: Swinging Strike 3-2: SINGLE (Groundball, 5D, EV 104.4 MPH)
|
|
Batting: RHB Norimoto Miyanishi
|
0-0: Ball 1-0: SINGLE (Flyball, 8LS, EV 89.4 MPH) Danny de Leon to second Runner from 2nd tries for 3rd, OUT! 8-5
|
|
Batting: RHB Brad Wren
|
0-0: Called Strike 0-1: Swinging Strike 0-2: Ball 1-2: Foul Ball, location: 2F 1-2: Strikes out swinging
|
| Top of the 6th over - 0 runs, 2 hits, 0 errors, 1 left on base; Staten Island 0 - Minnesota (NYP) 2 |
| BOTTOM OF THE 6TH |
|
Minnesota (NYP) Twins batting - Pitching for Staten Island Yankees : LHP Daniel Fagan
|
|
Batting: LHB Jose Hilario
|
0-0: Ball 1-0: Ball 2-0: Fly out, F8 (Flyball, 78D, EV 101.2 MPH)
|
|
Batting: SHB Juan Aguilar
|
0-0: Ball 1-0: SOLO HOME RUN (Flyball, 78XD, EV 105.6 MPH), Distance : 434 ft
|
|
Batting: RHB Caleb Bockmann
|
0-0: Called Strike 0-1: SINGLE (Line Drive, 9S, EV 91.9 MPH)
|
|
Batting: RHB Fhil Mikrakin
|
0-0: Called Strike 0-1: Ball 1-1: Swinging Strike 1-2: Strikes out swinging
|
|
Pitching: LHP Loo Lei
|
|
|
Batting: RHB Alexandre Garcia
|
0-0: Fly out, F3 (Popup, 3SF, EV 73.8 MPH)
|
| Bottom of the 6th over - 1 run, 2 hits, 0 errors, 1 left on base; Staten Island 0 - Minnesota (NYP) 3 |
| TOP OF THE 7TH |
|
Staten Island Yankees batting - Pitching for Minnesota (NYP) Twins : LHP Bobby Shaw
|
|
Pitching: RHP Takeshi Kusanagi
|
|
|
Batting: LHB Carlos Palau
|
0-0: Called Strike 0-1: Ground out 6-3 (Groundball, 6, EV 88.8 MPH)
|
|
Batting: SHB Adam Slade
|
0-0: Ball 1-0: Called Strike 1-1: Foul Ball, location: 2F 1-2: Ball 2-2: Strikes out swinging
|
|
Batting: LHB Justin Short
|
0-0: Ball 1-0: Called Strike 1-1: Swinging Strike 1-2: Ball 2-2: Strikes out looking
|
| Top of the 7th over - 0 runs, 0 hits, 0 errors, 0 left on base; Staten Island 0 - Minnesota (NYP) 3 |
| BOTTOM OF THE 7TH |
|
Minnesota (NYP) Twins batting - Pitching for Staten Island Yankees : LHP Loo Lei
|
|
Batting: LHB Hector Olvera
|
0-0: Ball 1-0: Ball 2-0: Called Strike 2-1: SINGLE (Groundball, 34, EV 105.0 MPH)
|
|
Batting: RHB Fernando Bravo
|
0-0: DOUBLE (Line Drive, 9LM, EV 100.6 MPH) Hector Olvera to third
|
|
Batting: LHB Marvin Shepherd
|
0-0: Called Strike 0-1: Ball 1-1: Fly out, F8 (Flyball, 8LM, EV 90.0 MPH)
|
|
Batting: LHB Ben Roth
|
0-0: Ground out 4-3 (Groundball, 34S, EV 73.8 MPH)
|
|
Batting: LHB Jose Hilario
|
0-0: SINGLE (Groundball, 34D, EV 109.4 MPH) Hector Olvera scores Fernando Bravo to third Runner from 3rd tries for Home, SAFE, throw by RF to home
|
|
Batting: SHB Juan Aguilar
|
0-0: Called Strike Jose Hilario is caught stealing 2nd base 2-4
|
| Bottom of the 7th over - 2 runs, 3 hits, 0 errors, 0 left on base; Staten Island 0 - Minnesota (NYP) 5 |
| TOP OF THE 8TH |
|
Staten Island Yankees batting - Pitching for Minnesota (NYP) Twins : RHP Takeshi Kusanagi
|
|
Batting: RHB Jesus Ruiz
|
0-0: Called Strike 0-1: Foul Ball, location: 2F 0-2: Fly out, F8 (Flyball, 8RXD, EV 90.6 MPH)
|
|
Batting: RHB Matt Thompson
|
0-0: Ball 1-0: Swinging Strike 1-1: Foul Ball, location: 2F 1-2: Ball 2-2: Ball 3-2: Strikes out swinging
|
|
Batting: RHB Danny Ayala
|
0-0: Ball 1-0: Foul Ball, location: 2F 1-1: Swinging Strike 1-2: Strikes out swinging
|
| Top of the 8th over - 0 runs, 0 hits, 0 errors, 0 left on base; Staten Island 0 - Minnesota (NYP) 5 |
| BOTTOM OF THE 8TH |
|
Minnesota (NYP) Twins batting - Pitching for Staten Island Yankees : LHP Loo Lei
|
|
Batting: SHB Juan Aguilar
|
0-0: Called Strike 0-1: Called Strike 0-2: Ball 1-2: Ball 2-2: Ball 3-2: Hit by Pitch
|
|
Batting: RHB Caleb Bockmann
|
0-0: Fielders Choice at 2nd, 6-4 (Groundball, 6, EV 83.8 MPH)
|
|
Batting: RHB Fhil Mikrakin
|
0-0: Called Strike 0-1: Ball 1-1: Foul Ball, location: 2F 1-2: Foul Ball, location: 2F 1-2: Strikes out looking
|
|
Batting: RHB Alexandre Garcia
|
0-0: Ball 1-0: Ball 2-0: Swinging Strike 2-1: Foul Ball, location: 2F 2-2: SINGLE (Groundball, 56D, EV 96.2 MPH) Caleb Bockmann to second
|
|
Batting: LHB Hector Olvera
|
0-0: Ball 1-0: Ball 2-0: Foul Ball, location: 2F 2-1: Foul Ball, location: 2F 2-2: Foul Ball, location: 2F 2-2: Strikes out looking
|
| Bottom of the 8th over - 0 runs, 1 hit, 0 errors, 2 left on base; Staten Island 0 - Minnesota (NYP) 5 |
| TOP OF THE 9TH |
|
Staten Island Yankees batting - Pitching for Minnesota (NYP) Twins : RHP Takeshi Kusanagi
|
|
Batting: LHB Danny de Leon
|
0-0: Fly out, F7 (Flyball, 7LS, EV 87.5 MPH)
|
|
Batting: RHB Norimoto Miyanishi
|
0-0: Ball 1-0: Fly out, F2 (Popup, 13S, EV 87.5 MPH)
|
|
Batting: RHB Brad Wren
|
0-0: Called Strike 0-1: Ball 1-1: Ball 2-1: Called Strike 2-2: Strikes out swinging
|
| Top of the 9th over - 0 runs, 0 hits, 0 errors, 0 left on base; Staten Island 0 - Minnesota (NYP) 5 |
|